 Dungeon Crawl Stone Soup version 0.31-a0-841-g038b102fc3 (webtiles) character file.

Game seed: 528346521134782157

67 mcwallace the Chiller (level 4, -3/36 HPs)
             Began as a Draconian Ice Elementalist on Sept 28, 2023.
             Slain by a gnoll
             ... wielding a +1 heavy flail
              (5 damage)
             ... on level 1 of the Dungeon.
             The game lasted 00:02:13 (1646 turns).

mcwallace the Chiller (Draconian Ice Elementalist)  Turns: 1646, Time: 00:02:13

Health: -3/36      AC:  6    Str: 10    XL:     4   Next: 0%
Magic:  7/7        EV: 13    Int: 18    God:
Gold:   37         SH:  0    Dex: 17    Spells: 7/8 levels left

rFire   . . .        b - +0 dagger {short}
rCold   . . .        (no shield)
rNeg    . . .        (body armour unavailable)
rPois   .            (helmet restricted)
rElec   .            f - +0 cloak
rCorr   .            (no gloves)
SInv    .            (no boots)
Will    .....        (no amulet)
Stlth   ++           g - +6 ring of dexterity
HPRegen 0.26/turn    (no ring)
MPRegen 0.10/turn

%: no passive effects
@: no status effects
A: AC +5, unfitting armour, cold-blooded
a: no special abilities


You were on level 1 of the Dungeon.
You visited 1 branch of the dungeon, and saw 2 of its levels.

You collected 37 gold pieces.


Innate Abilities, Weirdness & Mutations

Your plain brown scales are hard. (AC +5)
You cannot fit into any form of body armour.
You are cold-blooded and may be slowed by cold attacks.


   Skills:
 + Level 1.7 Fighting
 + Level 2.4 Dodging
 - Level 1.7 Stealth
 + Level 2.6 Spellcasting
 + Level 4.4 Ice Magic


You had 7 spell levels left.
You knew the following spells:

 Your Spells              Type           Power      Damage    Failure   Level
a - Freeze                Ice            72%        1d8       2%          1

Your spell library contained the following spells:

 Spells                   Type           Power      Damage    Failure   Level
 Frozen Ramparts          Ice            36%        1d6       9%          3
 Ozocubu's Armour         Ice            18%        N/A       9%          3
 Gell's Gravitas          Tloc           2%         N/A       45%         3
 Teleport Other           Tloc           2%         N/A       45%         3
 Summon Ice Beast         Ice/Summ       10%        N/A       56%         4
 Dispersal                Tloc           1%         N/A       100%        6

Inventory:

Hand Weapons
 b - a +0 dagger (weapon) {short}
   (You took it off a goblin on level 1 of the Dungeon)
Missiles
 i - 11 stones {throwing}
Armour
 f - a +0 cloak (worn)
   (You found it on level 1 of the Dungeon)
Jewellery
 g - a +6 ring of dexterity (left hand)
   (You found it on level 1 of the Dungeon)
Scrolls
 c - a scroll of revelation {unknown}
 e - a scroll of poison {unknown}
 h - 3 scrolls of identify {unknown}
 j - a scroll of enchant weapon {unknown}
 k - a scroll of teleportation {unknown}
Potions
 a - a potion of magic
 d - 2 potions of enlightenment {unknown}
 l - a potion of attraction {unknown}
 m - a potion of lignification {unknown}

Dungeon Overview and Level Annotations

Branches:
Dungeon (2/15) Zot: 10351

Altars:

.# ##.†.## #.......#
#.# .# ##'## ###..####
#.# .# #.# ##.# #.# .#
#.# #)# #.# .# ##.##
#.# #.# ## ##...## #.#
#.# #### ##.....# #.#
#.# ...#
#.....##########.# #..
...###.#........@g....#
###
...........############
...###.##..# .#†#
#.....# ...# ####.##
#########.# .......##.#
.#.###.##.#
.#.###.##.## #


You could see a gnoll.


Message History

You hit the gnoll.
Your tail-slap misses the gnoll.
The gnoll hits you with a +0 whip. x2 😕 HP[-3]
You take 3 damage, and now have 23/28 hp.
You barely miss the gnoll. You tail-slap the gnoll.
The gnoll barely misses you. The gnoll closely misses you.
You hit the gnoll but do no damage. The gnoll barely misses you.
The gnoll closely misses you. 😕 HP[+1]
You hit the gnoll. The gnoll completely misses you.
The gnoll hits you but does no damage.
You closely miss the gnoll.
You tail-slap the gnoll, but do no damage.
The gnoll closely misses you.
The gnoll hits you with a +0 whip. 😮 HP[-6]
You take 6 damage, and now have 18/28 hp.
MASSIVE DAMAGE!! (PAUSE)
You hit the gnoll but do no damage. The gnoll hits you with a +0 whip.
The gnoll closely misses you. 😮 HP[-3]
You take 3 damage, and now have 15/28 hp.
You hit the gnoll. The gnoll hits you with a +0 whip.
* * * LOW HITPOINT WARNING * * *
The gnoll hits you but does no damage. 😨 HP[-3]
You take 3 damage, and now have 12/28 hp.
You barely miss the gnoll.
You tail-slap the gnoll, but do no damage.
The gnoll closely misses you. x2 😨 HP[+1]
You hit the gnoll. You tail-slap the gnoll.
You kill the gnoll!
The gnoll barely misses you.
Things that are here:
a +0 whip {mace}; a gnoll corpse You hit the gnoll.
You tail-slap the gnoll. The gnoll completely misses you.
You hit the gnoll. The gnoll barely misses you. 😨 HP[+1]
You hit the gnoll but do no damage. The gnoll misses you.
You hit the gnoll. The gnoll hits you but does no damage.
You hit the gnoll but do no damage. The gnoll hits you with a +0 whip.
* * * LOW HITPOINT WARNING * * *
😨 HP[-3]
You take 3 damage, and now have 11/28 hp.
You hit the gnoll.
You kill the gnoll!
You have reached level 4!
You feel clever. 😨 HP[+4] MP[+1]
You now have 36 max hp (+8).
You regained 4 hp, and now have 15/36 hp.
Your mp is fully restored (7).
You start resting. 😎 HP[+21]
Your hp is fully restored (36).
You start waiting.
Done waiting.
There is a stone staircase leading down here.
You see here a +0 whip {mace}.
You climb downwards.
The gnoll hits you with a +1 heavy flail.
There is a stone staircase leading up here. 😕 HP[-6]
You take 6 damage, and now have 30/36 hp.
The gnoll barely misses you.
You climb upwards.
There is a stone staircase leading down here.
You see here a +0 whip {mace}.
You closely miss the gnoll. The gnoll misses you.
You hit the gnoll. 😕 HP[+1]
You closely miss the gnoll. You tail-slap the gnoll.
The gnoll hits you with a +1 heavy flail!
* * * LOW HITPOINT WARNING * * *
😨 HP[-16]
You take 16 damage, and now have 15/36 hp.
MASSIVE DAMAGE!! (PAUSE)
You hit the gnoll. The gnoll misses you.
You hit the gnoll. 😨 HP[+1]
You closely miss the gnoll.
The gnoll hits you with a +1 heavy flail.
* * * LOW HITPOINT WARNING * * *
😨 HP[-1]
You take 1 damage, and now have 15/36 hp.
You completely miss the gnoll.
Your tail-slap misses the gnoll.
The gnoll hits you with a +1 heavy flail!
* * * LOW HITPOINT WARNING * * *
😱 HP[-10]
You take 10 damage, and now have 5/36 hp.
MASSIVE DAMAGE!! (PAUSE)
You hit the gnoll. You hit the gnoll but do no damage.
The gnoll hits you with a +1 heavy flail.
* * * LOW HITPOINT WARNING * * *
😱 HP[-3]
You take 3 damage, and now have 2/36 hp.
You hit the gnoll but do no damage. You punch the gnoll.
The gnoll hits you with a +1 heavy flail.
You die...

Skill      XL: |  1  2 |
---------------+-------+-----
Dodging        | 2 |  2.4
Fighting       | 1 |  1.7
Stealth        | |  1.7
Spellcasting   | |  2.6
Ice Magic      | |  4.4

Action                     |  1- 3 |  4- 6 || total
---------------------------+-------+-------++-------
  Melee: Dagger            |   157 |    10 ||   167
         Unarmed           |     6 |       ||     6
         Tailslap          |    18 |     1 ||    19
         Punch             |       |     1 ||     1
   Stab: Sleeping          |     5 |       ||     5
 Armour: Skin              |    94 |     6 ||   100
  Dodge: Dodged            |   102 |     3 ||   105

Levels and vault maps discovered:
D:1:      dpeg_arrival_renting, layout_loops_corners, minmay_domino_4
D:2:      layout_rooms, minmay_worlds_worst_comb, uniq_crazy_yiuf_cottage

Notes
Turn   | Place    | Note
-------+----------+-------------------------------------------
     0 | D:1      | mcwallace the Draconian Ice Elementalist began the quest
                  | for the Orb.
     0 | D:1      | Reached XP level 1. HP: 14/14 MP: 3/3
     0 | D:1      | magus.rc [v1.9.6]
   288 | D:1      | Reached skill level 2 in Dodging
   292 | D:1      | Reached XP level 2. HP: 20/22 MP: 5/5
   309 | D:1      | You add the spells Gell's Gravitas, Teleport Other and
                  | Dispersal to your library.
   519 | D:1      | Reached skill level 1 in Fighting
   739 | D:1      | Reached XP level 3. HP: 12/28 MP: 6/6
  1342 | D:2      | HP: 7/28 [poisoned by a gnoll]
  1453 | D:1      | Reached XP level 4. HP: 15/36 MP: 7/7
  1643 | D:1      | HP: 5/36 [gnoll/+1 heavy flail (10)]
  1645 | D:1      | HP: 2/36 [gnoll/+1 heavy flail (4)]
  1646 | D:1      | Slain by a gnoll

Vanquished Creatures
  2 gnolls (D:1)
  An adder (D:2)
  2 dart slugs (D:1)
  2 endoplasms (D:1)
  A giant cockroach (D:1)
  5 goblins
  4 hobgoblins (D:1)
  5 kobolds (D:1)
  5 ball pythons (D:1)
  3 bats (D:1)
  A frilled lizard (D:1)
  5 rats
36 creatures vanquished.

Table legend:
 A = Non-vault XP
 B = Vault XP
 C = Vault XP percentage of total XP
 D = Non-vault monster count
 E = Vault monster count
 F = Vault count percentage of total count
                 A         B        C        D         E       F
            +---------+---------+-------+---------+---------+-------
      Total |      91 |       6 |   6.2 |      32 |       4 |  11.1
            +---------+---------+-------+---------+---------+-------
        D:1 |      75 |       6 |   7.4 |      29 |       4 |  12.1
        D:2 |      16 |       0 |   0.0 |       3 |       0 |   0.0
            +---------+---------+-------+---------+---------+-------

Skill      XL: |  1  2 |
---------------+-------+-----
Dodging        | 2 |  2.4
Fighting       | 1 |  1.7
Stealth        | |  1.7
Spellcasting   | |  2.6
Ice Magic      | |  4.4

Action                     |  1- 3 |  4- 6 || total
---------------------------+-------+-------++-------
  Melee: Dagger            |   157 |    10 ||   167
         Unarmed           |     6 |       ||     6
         Tailslap          |    18 |     1 ||    19
         Punch             |       |     1 ||     1
   Stab: Sleeping          |     5 |       ||     5
 Armour: Skin              |    94 |     6 ||   100
  Dodge: Dodged            |   102 |     3 ||   105

Illustrated notes

Table legend:
 A = Kills in this place as a percentage of kills in the entire game.
 B = Kills by you in this place as a percentage of kills by you in the entire game.
 C = Kills by friends in this place as a percentage of kills by friends in the entire game.
 D = Other kills in this place as a percentage of other kills in the entire game.
 E = Experience gained in this place as a percentage of experience gained in the entire game.
 F = Experience gained in this place divided by the number of levels of this place that you have seen.
                   A       B       C       D       E      F
               +-------+-------+-------+-------+-------+----------------------
         Total | 100.0 | 100.0 |   N/A |   N/A | 100.0 |  48.5
       Dungeon | 100.0 | 100.0 |   N/A |   N/A | 100.0 |  48.5
               +-------+-------+-------+-------+-------+----------------------

Table legend: (Time is in decaauts)
 A = Elapsed time spent in this place.
 B = Non-inter-level travel time spent in this place.
 C = Inter-level travel time spent in this place.
 D = Time resting spent in this place.
 E = Time spent auto-exploring this place.
 F = Levels seen in this place.
 G = Mean time per level.
                   A        B        C        D        E       F      G
               +--------+--------+--------+--------+--------+-----+--------+
         Total |   1647 |   1616 |     31 |    237 |   1033 |   2 |  823.5 |
       Dungeon |   1647 |   1616 |     31 |    237 |   1033 |   2 |  823.5 |
               +--------+--------+--------+--------+--------+-----+--------+

Top non-repeatable levels by time:
     D:1: 1430 daAuts
     D:2: 217 daAuts
